 Dungeon Crawl Stone Soup version 0.21-a0-538-gd16b88a (webtiles) character file.

324 slep the Chopper (level 6, -5/32 HPs)
             Began as a Vine Stalker Gladiator on Dec 15, 2017.
             Slain by a crocodile (12 damage)
             ... in a sewer.
             The game lasted 00:07:18 (2328 turns).

slep the Chopper (Vine Stalker Gladiator)           Turns: 2328, Time: 00:07:19

Health: -5/32      AC:  6    Str: 18    XL:     6   Next: 48%
Magic:  0/7        EV: 12    Int:  8    God:
Gold:   175        SH:  0    Dex: 16    Spells: 5/5 levels left

rFire    . . .     SeeInvis .   a - +0 war axe
rCold    . . .     Gourm    .   (no shield)
rNeg     . . .     Faith    .   k - +0 ring mail
rPois    .         Spirit   +   c - +0 helmet
rElec    .         Reflect  .   (no cloak)
rCorr    .         Harm     .   (no gloves)
MR       .....                  (no boots)
Stlth    +.........             (no amulet)
HPRegen  0.50/turn              (no ring)
MPRegen  0.10/turn              (no ring)

@: no status effects
A: fangs 2, regeneration 1, magic shield, antimagic bite, no potion heal 3, rot
immunity
a: no special abilities


You were in a sewer.
You were not hungry.

You visited 1 branch of the dungeon, and saw 4 of its levels.
You also visited: Sewer.

You collected 175 gold pieces.

Inventory:

Hand Weapons
 a - a +0 war axe (weapon)
Missiles
 d - 3 throwing nets (quivered)
 o - 11 tomahawks
Armour
 b - a +0 leather armour
 c - a +0 helmet (worn)
 k - a +0 ring mail (worn)
Jewellery
 r - a cursed ring of teleportation {unknown}
Scrolls
 e - 3 scrolls of identify {unknown}
 h - 3 scrolls of remove curse {unknown}
 n - a scroll of enchant weapon {unknown}
 q - a scroll of fear {unknown}
Potions
 g - 4 potions of curing {unknown}
 i - a potion of heal wounds {unknown}
 j - a potion of degeneration {unknown}
 m - 2 potions of berserk rage {unknown}
 p - a potion of ambrosia {unknown}
 u - a potion of flight {unknown}
Comestibles
 f - 5 bread rations
 l - a royal jelly
 t - a meat ration


   Skills:
 + Level 2.5 Fighting
 + Level 4.8 Axes
 + Level 1.8 Throwing
 + Level 2.1 Armour
 + Level 3.1 Dodging
 + Level 1.4 Stealth


You had 5 spell levels left.
You didn't know any spells.

Dungeon Overview and Level Annotations

Branches:
Dungeon (4/15)
 Temple: D:4-7

Altars:
Ashenzari
Gozag
Kikubaaqudgha
Trog
The Shining One


Innate Abilities, Weirdness & Mutations

You have extremely sharp teeth.
Your natural rate of healing is unusually fast.
When hurt, damage is shared between your health and your magic reserves.
Your bite disrupts and absorbs the magic of your enemies.
Potions cannot restore your health.
You are immune to rotting.


Message History

You hit the crocodile but do no damage. The crocodile bites you!
The crocodile bites you.
You hit the crocodile. Your bite misses the crocodile.
The crocodile is lightly wounded.
The crocodile bites you.
You slash the crocodile! You bite the crocodile. You drain its power.
You feel invigorated.
The crocodile is heavily wounded.
The crocodile misses you.
You hit the crocodile. Your bite misses the crocodile.
The crocodile is heavily wounded.
The crocodile bites you!
You closely miss the crocodile.
You bite the crocodile, but do no damage.
The crocodile is heavily wounded.
The crocodile closely misses you. The crocodile bites you!
* * * LOW HITPOINT WARNING * * *
All of the chunks of flesh in your inventory have rotted away.
The crocodile bites you!
You die...

### #≈###.## ## ##
...## ##≈##...# #?(
###.. .≈.≈.###
#.≈.#...# !≈##...
#..≈..### #.≈..)..#
###.≈...
#...≈.###.≈†()..#
#..≈≈..##
##≈.≈≈...≈≈.#####
#..≈≈.###
###.≈.≈.###≈≈.....#
#....≈####..≈..###
#(≈...∩.#
###..≈.≈≈≈≈t@###
#(≈.#.∩.#
###......###
##≈##...# ########
#≈###### #≈# ###


You could see a crocodile.

Vanquished Creatures
  3 orc priests (D:3)
  2 orc wizards (D:3)
  9 adders
  An ooze (D:2)
  A worm (D:2)
  A dart slug (D:1)
  17 orcs (D:3)
  7 giant cockroaches
  3 goblins
  6 hobgoblins
  7 jackals
  2 ball pythons
  6 bats
  8 frilled lizards
  A jackal zombie (D:3)
  8 kobolds
  6 rats
88 creatures vanquished.

Notes
Turn   | Place    | Note
-------+----------+-------------------------------------------
     0 | D:1      | slep the Vine Stalker Gladiator began the quest for the Orb.
     0 | D:1      | Reached XP level 1. HP: 11/11 MP: 2/2
    70 | D:1      | Reached XP level 2. HP: 15/15 MP: 3/3
   118 | D:1      | Reached skill level 3 in Axes
   636 | D:2      | Reached XP level 3. HP: 17/18 MP: 4/4
   660 | D:2      | Found a glowing golden altar of the Shining One.
   737 | D:2      | Reached skill level 1 in Stealth
   829 | D:2      | Gained mutation: Your natural rate of healing is unusually fast. [Vine Stalker growth]
   829 | D:2      | Reached XP level 4. HP: 10/23 MP: 3/5
   967 | D:2      | Reached skill level 1 in Armour
  1112 | D:2      | Found an opulent altar of Gozag.
  1113 | D:2      | Found a shattered altar of Ashenzari.
  1124 | D:2      | Found an ancient bone altar of Kikubaaqudgha.
  1409 | D:3      | Found a bloodstained altar of Trog.
  1438 | D:3      | Reached skill level 4 in Axes
  1438 | D:3      | Reached XP level 5. HP: 26/26 MP: 6/6
  1594 | D:3      | Reached XP level 6. HP: 12/31 MP: 4/7
  2219 | D:4      | Found a glowing drain.
  2259 | Sewer    | Entered a sewer
  2328 | Sewer    | Slain by a crocodile

Vault maps used:
D:1:      minmay_arrival_checkered_box
D:2:      tso_altar, minitemple
D:3:      overflow_temple_1_default
D:4:      kennysheep_little_box, gup_sewer_entry_glass, first_bread
Sewer:    sewer_the_crocodile

Skill      XL: |  1  2  3  4  5  6 |
---------------+-------------------+-----
Axes           | 3 4 |  4.8
Fighting       | 2 |  2.5
Stealth        | 1 |  1.4
Armour         | 1 2 |  2.1
Dodging        | 3 |  3.1
Throwing       | |  1.8

Action                   |  1- 3 |  4- 6 || total
-------------------------+-------+-------++-------
Melee: War axe           |    79 |   154 ||   233
       Bite              |     9 |    41 ||    50
 Stab: Sleeping          |     1 |     1 ||     2
  Eat: Chunk             |       |     5 ||     5
Armor: Leather armour    |    23 |       ||    23
       Ring mail         |     4 |    68 ||    72
Dodge: Dodged            |    55 |   122 ||   177

Table legend:
 A = Spawn XP
 B = Non-spawn XP
 C = Spawn XP percentage of total XP
 D = Spawn monster count
 E = Non-spawn monster count
 F = Spawn count percentage of total count
 G = Total turns spent on level
                    A         B        C        D         E        F      G
               +---------+---------+-------+---------+---------+-------+---------
         Total |       0 |     464 |   0.0 |       0 |      88 |   0.0 |  2328
               +---------+---------+-------+---------+---------+-------+---------
           D:1 |       0 |      33 |   0.0 |       0 |      20 |   0.0 |   630
           D:2 |       0 |      74 |   0.0 |       0 |      13 |   0.0 |   649
           D:3 |       0 |     303 |   0.0 |       0 |      43 |   0.0 |   940
           D:4 |       0 |      47 |   0.0 |       0 |       7 |   0.0 |    40
         Sewer |       0 |       7 |   0.0 |       0 |       5 |   0.0 |    69
               +---------+---------+-------+---------+---------+-------+---------
